 Dungeon Crawl Stone Soup version 0.18-a0-1433-g1d8109a (webtiles) character file.

3850 Oddball22 the Covert (level 9, -5/46 HPs)
             Began as a Spriggan Artificer on Feb 28, 2016.
             Was a Believer of Pakellas.
             Slain by a harpy (8 damage)
             ... on level 9 of the Dungeon.
             The game lasted 00:23:53 (10802 turns).

Oddball22 the Covert (Spriggan Artificer)          Turns: 10802, Time: 00:23:53

Health: -5/46      AC:  5    Str:  7    XL:     9   Next: 98%
Magic:  16/16      EV: 27    Int: 19    God:    Pakellas [**....]
Gold:   456        SH:  0    Dex: 19    Spells: 0 memorised, 8 levels left

rFire  . . .     SeeInvis +     k - +2 dagger (venom)
rCold  . . .     Gourm    .     b - +0 robe
rNeg   . . .     Faith    .     (shield restricted)
rPois  .         Spirit   .     B - +2 hat
rElec  .         Dismiss  .     p - +0 cloak
rCorr  +         Reflect  .     (gloves unavailable)
SustAt .         Harm     .     (boots unavailable)
MR     +....                    (no amulet)
Stlth  ++++++....               u - +2 ring of evasion
                                v - ring of resist corrosion

@: brilliant, very quick, somewhat resistant to hostile enchantments, very
stealthy
A: unfitting armour, see invisible, herbivore 3, speed 3, slow metabolism 2
a: Quick Charge, Renounce Religion


You were on level 9 of the Dungeon.
You worshipped Pakellas.
Pakellas was pleased with you.
You were not hungry.

You visited 2 branches of the dungeon, and saw 10 of its levels.

You collected 456 gold pieces.

Inventory:

Hand Weapons
 k - a +2 dagger of venom (weapon)
 l - a cursed -1 blowgun
 q - a +3 dagger of electrocution
Missiles
 m - 57 poisoned needles
 L - 2 needles of sleeping
Armour
 b - a +0 robe (worn)
 p - a +0 cloak (worn)
 B - a +2 hat (worn)
Jewellery
 i - an uncursed ring of ice
 u - a +2 ring of evasion (right hand)
 v - a ring of resist corrosion (left hand)
Wands
 c - a wand of flame (1/48)
 d - a wand of enslavement (15/24)
 e - a wand of random effects (29/48)
 o - a wand of slowing (33/48)
 A - a wand of flame (32/48)
 C - a wand of random effects (24/48)
 D - a wand of acid (5/15)
 G - a wand of flame (32/48)
 N - a wand of lightning (9/15)
Scrolls
 j - 3 scrolls of remove curse
 r - 7 scrolls of amnesia
 x - 2 scrolls of identify
 y - a scroll of immolation
 J - a scroll of enchant weapon
Potions
 a - 5 potions of agility
 g - a potion of haste
 h - 4 potions of might
 n - a potion of flight {unknown}
 t - 2 potions of curing
 w - a potion of berserk rage {unknown}
 F - a potion of mutation {unknown}
 H - a potion of experience {unknown}
 I - a potion of brilliance
 K - a potion of lignification {unknown}
 M - a potion of cancellation {unknown}
Books
 E - a book of Clouds

   Spells                             Type                      Level
   a - Mephitic Cloud                 Conjuration/Poison/Air       3
   b - Conjure Flame                  Conjuration/Fire             3
   c - Poisonous Cloud                Conjuration/Poison/Air       6
   d - Freezing Cloud                 Conjuration/Ice/Air          6
   e - Ring of Flames                 Charms/Fire                  7
Miscellaneous
 O - a box of beasts
Comestibles
 f - 10 bread rations
 s - a fruit


   Skills:
 + Level 4.6 Fighting
 + Level 6.4 Short Blades
 + Level 8.9 Dodging
 * Level 12.4 Stealth
 + Level 9.0 Evocations


You had 8 spell levels left.
You didn't know any spells.

Dungeon Overview and Level Annotations

Branches:
Dungeon (9/15)             Temple (1/1) D:7
   Lair: D:8-11         Orc: D:9-12

Altars:
Ashenzari
Elyvilon
Fedhas
Gozag
Nemelex Xobeh
Okawaru
Pakellas
Qazlal
Ru
Sif Muna
Trog
Yredelemnul
Zin
The Shining One

Shops:
D:4 %


Innate Abilities, Weirdness & Mutations

You are tiny and cannot use many weapons and most armour.
You have supernaturally acute eyesight.
You are an herbivore.
You cover ground extremely quickly.
You need consume almost no food.


Message History

The harpy completely misses you. The harpy barely misses you.
The harpy claws you!
* * * LOW HITPOINT WARNING * * *
There is an open door here.
The harpy closely misses you. The harpy completely misses you.
The harpy closely misses you. The harpy completely misses you.
There is an open door here.
The harpy completely misses you. The harpy barely misses you.
The harpy closely misses you. The harpy barely misses you.
The harpy misses you. The harpy closely misses you.
There is an open door here.
The harpy barely misses you. The harpy closely misses you.
The harpy completely misses you. The harpy claws you but does no damage.
The harpy completely misses you. The harpy closely misses you.
Read which item? (? for menu, Esc to quit)
Okay, then.
The harpy completely misses you. x2
The harpy claws you!
You die...
Pakellas says: Back to the drawing board!

.....# #.......# #.. # .....+
#.......# ##### .....# #.......#
## #'#### ######### #. ..# #. .##
########' '##### ####.)......
.....#################..'....)...
.....'.........H@......##...))...
.....####################....)...
.....# #...<.... .....# #.......<
.....# ######### ######


You could see a harpy.

Vanquished Creatures
  A troll (D:9)
  2 hippogriffs (D:8)
  3 hungry ghosts
  A water moccasin (D:8)
  3 black bears
  2 orc warriors
  A sky beast (D:6)
  A phantom (D:8)
  4 ogres
  2 centaurs
  Blork the orc (D:5)
  3 giant frogs
  A water moccasin skeleton (D:7)
  4 scorpions
  A wight (D:7)
  4 crimson imps
  A giant frog zombie (D:6)
  3 hounds
  2 gnoll shamans
  5 orc priests
  4 iguanas
  3 jellies
  2 giant frog skeletons
  2 orc wizards
  4 worker ants
  A hound zombie (D:8)
  A hound skeleton (D:4)
  A howler monkey zombie (D:9)
  A worker ant zombie (D:6)
  9 gnolls
  8 adders
  4 shadow imps
  2 adder skeletons
  2 worms
  4 dart slugs
  5 giant geckos
  8 orcs
  2 ball pythons
  8 giant cockroaches
  10 goblins
  8 hobgoblins
  6 jackals
  3 kobolds
  3 quokkas
  6 bats
  5 giant newts
  A jackal zombie (D:8)
  A quokka skeleton (D:4)
  4 rats
163 creatures vanquished.

Notes
Turn   | Place    | Note
--------------------------------------------------------------
     0 | D:1      | Oddball22 the Spriggan Artificer began the quest for the Orb.
     0 | D:1      | Reached XP level 1. HP: 9/9 MP: 4/4
    33 | D:1      | Reached skill level 1 in Fighting
    33 | D:1      | Reached skill level 2 in Stealth
   202 | D:1      | Reached XP level 2. HP: 8/14 MP: 6/6
  1404 | D:1      | Reached XP level 3. HP: 18/18 MP: 7/7
  1426 | D:2      | Reached skill level 3 in Stealth
  1431 | D:2      | Found a white marble altar of Elyvilon.
  2375 | D:2      | Reached XP level 4. HP: 22/22 MP: 8/8
  2580 | D:2      | Found a glowing silver altar of Zin.
  3042 | D:3      | Reached skill level 4 in Stealth
  3042 | D:3      | Reached skill level 5 in Evocations
  3071 | D:3      | Found a deep blue altar of Sif Muna.
  3563 | D:3      | Found an opulent altar of Gozag.
  3771 | D:4      | Reached XP level 5. HP: 15/25 MP: 9/9
  4213 | D:3      | Reached skill level 5 in Stealth
  4379 | D:4      | Found a bloodstained altar of Trog.
  4395 | D:4      | Reached XP level 6. HP: 25/30 MP: 11/11
  4709 | D:4      | Found Aqovi's Food Shop.
  5736 | D:5      | Entered Level 5 of the Dungeon
  5869 | D:5      | Reached skill level 5 in Dodging
  5881 | D:5      | Reached skill level 6 in Stealth
  6034 | D:5      | Found a sacrificial altar of Ru.
  6061 | D:5      | Noticed Blork the orc
  6119 | D:5      | Killed Blork the orc
  6119 | D:5      | Reached XP level 7. HP: 14/35 MP: 12/12
  6579 | D:5      | Found a glowing golden altar of the Shining One.
  7049 | D:6      | Found a stormy altar of Qazlal.
  7085 | D:6      | Reached skill level 7 in Stealth
  7090 | D:6      | HP: 1/35 [iguana (8)]
  7739 | D:7      | Found a staircase to the Ecumenical Temple.
  7758 | Temple   | Entered the Ecumenical Temple
  7766 | Temple   | Became a worshipper of Pakellas the Inventive
  7830 | D:7      | Found a glowing golden altar of the Shining One.
  7855 | D:7      | Reached skill level 8 in Stealth
  7895 | D:7      | Noticed a hungry ghost
  7915 | D:7      | Found a shattered altar of Ashenzari.
  7931 | D:7      | Killed a hungry ghost
  7931 | D:7      | Reached XP level 8. HP: 39/39 MP: 14/14
  8056 | D:6      | Reached skill level 9 in Stealth
  8585 | D:6      | Reached skill level 5 in Short Blades
  8585 | D:6      | Reached skill level 10 in Stealth
  8884 | D:7      | Reached * piety under Pakellas
  9242 | D:8      | Reached XP level 9. HP: 45/45 MP: 15/15
  9611 | D:8      | Reached skill level 11 in Stealth
 10546 | D:9      | Reached ** piety under Pakellas
 10546 | D:9      | Received a gift from Pakellas
 10546 | D:9      | Reached skill level 12 in Stealth
 10713 | D:9      | Noticed a troll
 10713 | D:9      | Noticed a troll
 10760 | D:9      | Killed a troll
 10775 | D:9      | Noticed a harpy
 10775 | D:9      | a troll changed into a harpy
 10781 | D:9      | HP: 1/46 [harpy (11)]
 10802 | D:9      | Slain by a harpy

Vault maps used:
D:1:      dpeg_arrival_stonehenge_8_columns
D:2:      zin_statuary, lemuel_round_altar, first_bread
D:3:      lemuel_round_altar, lemuel_crystal_altar
D:4:      serial_shops, nicolae_shop_trees, trog_three_pillars_becter
D:5:      nicolae_overflow_crystal_walls, basic_altar, uniq_blork_the_orc
D:6:      old_standard_altar
D:7:      hangedman_cross_stitches, cheibrodos_ashenzari_chains,
          minmay_temple_entry_hall, tso_metal_star
D:9:      xom_shifter_show, david_lair_generic, enter_bailey_3
Temple:   circular_temple_12

Skill      XL: |  1  2  3  4  5  6  7  8  9 |
---------------+----------------------------+-----
Fighting       | 1 2 3 4 |  4.6
Stealth        | 2 3 4 5 6 8 10 12 | 12.4
Dodging        | 4 5 6 7 8 |  8.9
Evocations     | 5 6 7 9 |  9.0
Short Blades   | 2 3 4 5 6 |  6.4

Action                   |  1- 3 |  4- 6 |  7- 9 || total
-------------------------+-------+-------+-------++-------
Melee: Short sword       |   165 |       |       ||   165
       Dagger            |    20 |   184 |   288 ||   492
Evoke: Wand              |     4 |       |    13 ||    17
  Use: Scroll            |     3 |     4 |     3 ||    10
       Potion            |       |       |     4 ||     4
 Stab: Sleeping          |     6 |     8 |    34 ||    48
       Distracted        |       |       |     1 ||     1
  Eat: Pizza             |       |     1 |     1 ||     2
       Fruit             |       |       |     7 ||     7
